 Dungeon Crawl Stone Soup version 0.28.0-53-g5a82cb258f (webtiles) character file.

Game seed: 6862144786420626594

12 hawla the Chucker (level 2, -1/16 HPs)
             Began as a Deep Elf Hunter on June 6, 2022.
             Slain by a ball python (3 damage)
             ... on level 1 of the Dungeon.
             The game lasted 00:01:25 (458 turns).

hawla the Chucker (Deep Elf Hunter)                  Turns: 458, Time: 00:01:25

Health: -1/16      AC:  3    Str:  9    XL:     2   Next: 20%
Magic:  4/4        EV: 12    Int: 15    God:
Gold:   37         SH:  0    Dex: 15    Spells: 1/1 levels left

rFire   . . .      SeeInvis .   a - +0 short sword
rCold   . . .      Faith    .   (no shield)
rNeg    . . .      Spirit   .   b - +0 leather armour
rPois   .          Reflect  .   (no helmet)
rElec   .          Harm     .   (no cloak)
rCorr   .          Rampage  .   (no gloves)
Will    .....                   (no boots)
Stlth   ++........              (no amulet)
HPRegen 0.05/turn               (no ring)
MPRegen 0.09/turn               (no ring)

@: no status effects
A: no striking features
a: no special abilities


You were on level 1 of the Dungeon.
You visited 1 branch of the dungeon, and saw 1 of its levels.

You collected 37 gold pieces.

Inventory:

Hand Weapons
 a - a +0 short sword (weapon)
Missiles
 c - 4 javelins (quivered)
 d - 2 throwing nets
Armour
 b - a +0 leather armour (worn)
Scrolls
 e - 2 scrolls of enchant armour {unknown}


   Skills:
 + Level 1.5 Fighting
 + Level 4.4 Throwing
 + Level 2.5 Dodging
 + Level 1.5 Stealth


You had one spell level left.
You didn't know any spells.
Your spell library was empty.

Dungeon Overview and Level Annotations

Branches:
Dungeon (1/15)

Altars:


Message History

The jackal is heavily wounded.
The jackal closely misses you. The ball python misses you.
The ball python constricts you. The jackal closely misses you.
The ball python barely misses you. The ball python constricts you.
You barely miss the jackal.
The jackal is heavily wounded.
The jackal bites you.
The ball python bites you but does no damage.
The ball python constricts you.
You hit the jackal.
You kill the jackal!
The ball python bites you. The ball python constricts you.
You hit the ball python but do no damage.
The ball python bites you.
* * * LOW HITPOINT WARNING * * *
The ball python constricts you.
* * * LOW HITPOINT WARNING * * *
The ball python bites you but does no damage.
The ball python constricts you.
You aren't carrying any potions.
You escape the ball python's grasp.
The dart slug bites you but does no damage.
Throw: 6 javelins
Press: ? - help, Q - select action, (/) - cycle Shift-Dir - straight line, f - jackal
Aim: a jackal (53% to hit)
You throw a javelin.
The javelin pierces through the ball python but does no damage.
The javelin closely misses the jackal.
The javelin pierces through the jackal!
You kill the jackal!
The ball python barely misses you. The ball python completely misses you.
Throw: 5 javelins
Press: ? - help, Q - select action, (/) - cycle Shift-Dir - straight line, f - dart slug
Aim: a dart slug (93% to hit)
You throw a javelin.
The javelin closely misses the ball python.
The javelin closely misses the jackal.
The javelin pierces through the dart slug.
The dart slug is moderately wounded.
The ball python bites you.
You die...

............#†#
.###...#....#.#
.+<'(.....#.†h#
.###.....(..#.#
..............#
.........(..†.#
..............####
............[whS.#
..............##@#
..............##.#
..............##.# ########
.............###.####......##
......#.......##............##
.....########.#####..........#
###### #.### #..........#
#...###..........#
###..##..........#


You could see a dart slug, a jackal and a ball python.

Vanquished Creatures
  A bat (D:1)
  2 endoplasms (D:1)
  2 giant cockroaches (D:1)
  3 jackals (D:1)
  A frilled lizard (D:1)
  A rat (D:1)
10 creatures vanquished.

Notes
Turn   | Place    | Note
-------+----------+-------------------------------------------
     0 | D:1      | hawla the Deep Elf Hunter began the quest for the Orb.
     0 | D:1      | Reached XP level 1. HP: 12/12 MP: 3/3
   238 | D:1      | Reached XP level 2. HP: 8/16 MP: 4/4
   458 | D:1      | Slain by a ball python

Illustrated notes

Levels and vault maps discovered:
D:1:      dpeg_arrival_tiny_d, layout_rooms, hangedman_decor_growths

Action                   || total
-------------------------++-------
Melee: Short sword       ||    39
       Punch             ||     2
Throw: Javelin           ||     2
 Stab: Sleeping          ||     1
Armor: Leather armour    ||    16
Dodge: Dodged            ||    39
